 Dungeon Crawl Stone Soup version 0.30-a0-585-g93115170b9 (webtiles) character file.

Game seed: 18202015044196656117

933 Sabo the Gusty (level 8, -1/48 HPs)
             Began as an Octopode Air Elementalist on Jan 2, 2023.
             Was an Initiate of Qazlal.
             Slain by a lemure (5 damage)
             ... led by Pikel
             ... on level 6 of the Dungeon.
             The game lasted 00:35:47 (5634 turns).

Sabo the Gusty (Octopode Air Elementalist)          Turns: 5634, Time: 00:35:47

Health: -1/48      AC:  1    Str:  3    XL:     8   Next: 11%
Magic:  9/15       EV: 13    Int: 25    God:    Qazlal [......]
Gold:   206        SH:  0    Dex: 12    Spells: 13/16 levels left

rFire   . . .      SeeInvis .    v - +8 mace of Execution {spect, Contam Str-4 Int+5 Stlth+}
rCold   . . .      Faith    .    (no shield)
rNeg    . . .      Spirit   .    (helmet restricted)
rPois   .          Reflect  .    (no amulet)
rElec   .          Harm     .    (no ring)
rCorr   .          Rampage  .    (no ring)
Will    .....                    (no ring)
Stlth   +++++                    (no ring)
HPRegen 0.28/turn                (no ring)
MPRegen 0.14/turn                (no ring)
                                 (no ring)
                                 (no ring)

@: very slightly contaminated
A: almost no armour, amphibious, 8 rings, camouflage 1, gelatinous body 1,
(nimble swimmer 1), tentacles
a: Renounce Religion


You were on level 6 of the Dungeon.
You worshipped Qazlal.
Qazlal was noncommittal.
You visited 1 branch of the dungeon, and saw 6 of its levels.

You collected 206 gold pieces.

Inventory:

Hand Weapons
 s - a +4 quarterstaff of chaos
 v - the +8 mace of Execution (weapon) {spect, Contam Str-4 Int+5 Stlth+}
   (You found it on level 4 of the Dungeon)

   When its wielder attacks, the weapon's spirit leaps out and strikes again.
   The spirit shares a part of any damage it takes with its wielder.
   Str:       It affects your strength (-4).
   Int:       It affects your intelligence (+5).
   Contam:    It causes magical contamination when unequipped.
   Stlth:     It makes you more stealthy.
Missiles
 c - 2 boomerangs (quivered)
 t - 5 poisoned darts
Wands
 d - a wand of flame (34)
Scrolls
 g - a scroll of poison {unknown}
 k - a scroll of amnesia {unknown}
 l - a scroll of fog {unknown}
 n - 2 scrolls of teleportation
 p - a scroll of butterflies
Potions
 a - a potion of magic
 b - 3 potions of curing {unknown}
 h - 2 potions of cancellation {unknown}
 j - 2 potions of invisibility {unknown}
 o - 2 potions of lignification {unknown}
 r - 2 potions of attraction {unknown}
 u - a potion of brilliance {unknown}


   Skills:
 + Level 1.3 Fighting
 + Level 1.0 Short Blades
 + Level 1.5 Maces & Flails
 + Level 0.3 Throwing
 + Level 2.6 Dodging
 + Level 5.0 Stealth
 + Level 4.7 Spellcasting
 + Level 4.3 Conjurations
 + Level 5.1 Air Magic


You had 13 spell levels left.
You knew the following spells:

 Your Spells              Type           Power      Damage    Failure   Level
a - Shock                 Conj/Air       100%       1d9       1%          1
b - Static Discharge      Conj/Air       58%        2-5/arc   1%          2

Your spell library contained the following spells:

 Spells                   Type           Power      Damage    Failure   Level
 Swiftness                Air            31%        N/A       3%          3
 Slow                     Hex            20%        N/A       9%          1
 Summon Small Mammal      Summ           20%        N/A       9%          1
 Airstrike                Air            15%        2d(3-19)  11%         4
 Blink                    Tloc           10%        N/A       13%         2
 Sublimation of Blood     Necr           5%         N/A       13%         2
 Call Canine Familiar     Summ           5%         N/A       26%         3
 Confusing Touch          Hex            5%         N/A       26%         3
 Inner Flame              Hex/Fire       5%         N/A       26%         3
 Summon Guardian Golem    Hex/Summ       5%         N/A       26%         3
 Vampiric Draining        Necr           5%         2d6       26%         3
 Cause Fear               Hex            2%         N/A       63%         4
 Manifold Assault         Tloc           5%         N/A       63%         4
 Petrify                  Tmut/Erth      5%         N/A       63%         4
 Irradiate                Conj/Tmut      8%         3d14      67%         5
 Dispersal                Tloc           2%         N/A       100%        6
 Storm Form               Tmut/Air       9%         N/A       100%        7
 Discord                  Hex            2%         N/A       100%        8
 Disjunction              Tloc           2%         N/A       100%        8


Dungeon Overview and Level Annotations

Branches:
Dungeon (6/15)
 Temple: D:4-7

Altars:
Cheibriados
Dithmenos
Makhleb
Qazlal
Xom

Shops:
D:3 *   D:4 (

Annotations:
D:6 Pikel


Innate Abilities, Weirdness & Mutations

You cannot wear most types of armour.
You are amphibious.
You can wear up to eight rings at the same time.
Your skin changes colour to match your surroundings (Stealth+).
Your rubbery body absorbs attacks. (AC +1, EV +1)
((You are camouflaged when in or above water. (Stealth+)))
You have tentacles for arms and can constrict up to eight enemies at once.


Message History

The zap hits Pikel.
Pikel is moderately wounded.
The lemure hits you! The lemure closely misses you. The lemure hits you.
Casting: Shock (safe; 1% risk of failure)
Confirm with . or Enter, or press ? or * to list all spells.
Aiming: Shock (safe; 1% risk of failure)
Press: ? - help, Shift-Dir - straight line You miscast Shock.
You are very lightly contaminated with residual magic.
Nothing appears to happen.
The lemure barely misses you. The lemure misses you. The lemure hits you.
Casting: Shock (safe; 1% risk of failure)
Confirm with . or Enter, or press ? or * to list all spells.
Aiming: Shock (safe; 1% risk of failure)
Press: ? - help, Shift-Dir - straight line The zap hits the lemure.
The lemure is almost dead.
The zap misses Pikel.
The zap hits the lemure!
The lemure is heavily wounded.
The lemure completely misses you. The lemure hits you. The lemure misses you.
You miss the lemure. Your grab misses the lemure.
The lemure is almost dead.
The lemure closely misses you. The lemure barely misses you.
The lemure hits you.
You sock the lemure!
You kill the lemure!
That felt strangely unrewarding.
The lemure barely misses you. The lemure misses you.
You barely miss Pikel. Your grab misses Pikel.
Pikel is moderately wounded.
Pikel hits you with a +2 whip of flaming!
* * * LOW HITPOINT WARNING * * *
Pikel burns you.
* * * LOW HITPOINT WARNING * * *
The lemure misses you. The lemure hits you!
* * * LOW HITPOINT WARNING * * *
You barely miss Pikel. Your grab misses Pikel.
Pikel is moderately wounded.
The lemure barely misses you. The lemure hits you.
You die...

### ..# #. .# #.# .. .#
#.# #### ## .#.# # #.#
#.. .. ...# #.#5# #.#
#.##..# #####.#K###.###
....
......5@5.....#######.##
#####...................
#########>#######.##
#.#######.# #.........#
###########


You could see Pikel and 3 lemures.

Vanquished Creatures
  Edmund (D:5)
  2 ogres
  A lemure (D:6)
  A phantom (D:5)
  2 scorpions
  2 howler monkeys
  A crimson imp (D:5)
  A hound (D:5)
  2 orc priests (D:5)
  Crazy Yiuf (D:3)
  Jessica (D:2)
  Ijyb (D:3)
  Terence (D:2)
  An iguana (D:5)
  4 gnolls (D:4)
  An adder (D:5)
  A white imp (D:5)
  An ufetubus (D:5)
  3 worms
  2 dart slugs
  5 orcs
  5 ball pythons
  7 endoplasms
  5 giant cockroaches
  4 goblins
  6 hobgoblins
  4 jackals
  5 kobolds
  5 quokkas
  10 bats
  5 frilled lizards
  7 rats
98 creatures vanquished.

Vanquished Creatures (others)
  8 plants (D:4)
8 creatures vanquished.

Grand Total: 106 creatures vanquished

Notes
Turn   | Place    | Note
-------+----------+-------------------------------------------
     0 | D:1      | Sabo the Octopode Air Elementalist began the quest for the
                  | Orb.
     0 | D:1      | Reached XP level 1. HP: 11/11 MP: 3/3
   406 | D:1      | Reached XP level 2. HP: 12/17 MP: 3/5
   851 | D:1      | Reached XP level 3. HP: 21/21 MP: 2/6
  1059 | D:2      | Noticed Jessica
  1062 | D:2      | Killed Jessica
  1106 | D:2      | Reached XP level 4. HP: 27/27 MP: 4/8
  1227 | D:2      | Learned a level 2 spell: Static Discharge
  1348 | D:2      | Noticed Terence
  1359 | D:2      | Killed Terence
  2320 | D:3      | Found a snail-covered altar of Cheibriados.
  2320 | D:3      | Found a shadowy altar of Dithmenos.
  2493 | D:3      | Reached XP level 5. HP: 31/32 MP: 6/9
  2709 | D:3      | Found Buskiq's General Store.
  3160 | D:3      | Found a runed translucent door.
  3267 | D:3      | Noticed Ijyb
  3279 | D:3      | Killed Ijyb
  3439 | D:3      | Noticed Crazy Yiuf
  3446 | D:3      | Killed Crazy Yiuf
  3680 | D:4      | Noticed an ogre
  3693 | D:4      | Killed an ogre
  3694 | D:4      | Reached XP level 6. HP: 37/37 MP: 3/11
  3893 | D:4      | Found Irhezupt's Weapon Emporium.
  4080 | D:4      | Found a stormy altar of Qazlal.
  4096 | D:4      | Became a worshipper of Qazlal Stormbringer
  4255 | D:4      | Reached skill level 1 in Short Blades
  4485 | D:4      | Identified the +8 mace of Execution {spect, Contam Str-4
                  | Int+5 Stlth+}
  4729 | D:5      | Entered Level 5 of the Dungeon
  4759 | D:5      | Noticed Edmund
  4765 | D:5      | Killed Edmund
  4766 | D:5      | Reached skill level 1 in Fighting
  4766 | D:5      | Reached XP level 7. HP: 28/43 MP: 8/12
  5002 | D:5      | Reached skill level 1 in Maces & Flails
  5216 | D:5      | Found a burning altar of Makhleb.
  5218 | D:5      | Found a shimmering altar of Xom.
  5251 | D:5      | Reached skill level 5 in Stealth
  5293 | D:5      | Reached skill level 5 in Air Magic
  5296 | D:5      | Reached XP level 8. HP: 43/48 MP: 8/14
  5620 | D:6      | Noticed Pikel
  5634 | D:6      | Slain by a lemure

Illustrated notes

Levels and vault maps discovered:
D:1:      noname_arrival_rooms_in_the_neighbourhood, layout_basic
D:2:      layout_loops_ring, minmay_misc_feat_room, chequers_jeans,
          minmay_hexomino_f4, uniq_terence, uniq_jessica
D:3:      layout_loops_ring, jmf_multi_god_temple, serial_shops, shop,
          uniq_ijyb, uniq_crazy_yiuf_cottage
D:4:      layout_loops_ring, mainiacjoe_overflow_brackets, serial_shops,
          nicolae_shop_bloodbath_and_beyond, serial_bayou_lake_a
D:5:      layout_rooms, grunt_temple_overflow_champion_of_chaos, uniq_edmund
D:6:      layout_loops_ring, gammafunk_ghost_cemetery, amethyst_killhole,
          minmay_lizard_king, uniq_pikel

Skill      XL: |  1  2  3  4  5  6  7 |
---------------+----------------------+-----
Stealth        | 3 4 5 |  5.0
Spellcasting   | 3 4 |  4.7
Conjurations   | 2 3 4 |  4.3
Air Magic      | 4 5 |  5.1
Short Blades   | 1 |  1.0
Fighting       | 1 |  1.3
Maces & Flails | 1 |  1.5
Throwing       | |  0.3
Dodging        | |  2.6

Action                   |  1- 3 |  4- 6 |  7- 9 || total
-------------------------+-------+-------+-------++-------
Melee: Dagger            |    10 |       |       ||    10
       Unarmed           |     4 |       |       ||     4
       Constrict         |     5 |    11 |     3 ||    19
       Tentacles         |     3 |     9 |     2 ||    14
       Short sword       |     1 |    30 |       ||    31
       Club              |       |     7 |       ||     7
       Mace              |       |     3 |    14 ||    17
Throw: Boomerang         |     4 |       |       ||     4
 Cast: Shock             |    43 |   109 |    43 ||   195
  Use: Scroll            |     2 |     5 |     1 ||     8
 Stab: Distracted        |       |     1 |       ||     1
       Sleeping          |       |     1 |       ||     1
Armor: Skin              |     2 |       |       ||     2
Dodge: Dodged            |     8 |    21 |    14 ||    43

Table legend: (Time is in decaauts)
 A = Elapsed time spent in this place.
 B = Non-inter-level travel time spent in this place.
 C = Inter-level travel time spent in this place.
 D = Time resting spent in this place.
 E = Time spent auto-exploring this place.
 F = Levels seen in this place.
 G = Mean time per level.
                   A        B        C        D        E       F      G
               +--------+--------+--------+--------+--------+-----+--------+
         Total |   5639 |   5639 |      0 |   1899 |      0 |   6 |  939.8 |
       Dungeon |   5639 |   5639 |      0 |   1899 |      0 |   6 |  939.8 |
               +--------+--------+--------+--------+--------+-----+--------+

Top non-repeatable levels by time:
     D:3: 1329 daAuts
     D:2: 1172 daAuts
     D:4: 1167 daAuts
     D:1: 1059 daAuts
     D:5: 811 daAuts
     D:6: 98 daAuts
